 Dungeon Crawl Stone Soup version 0.23.2-1-ga50397a6bc (webtiles) character file.

Game seed: 2070907843203452585

81 Anathary the Skirmisher (level 4, -1/35 HPs)
             Began as a Demonspawn Monk on May 23, 2019.
             Slain by Terence
             ... wielding a +2 flail of protection
              (4 damage)
             ... on level 3 of the Dungeon.
             The game lasted 00:08:18 (2451 turns).

Anathary the Skirmisher (Demonspawn Monk)           Turns: 2451, Time: 00:08:18

Health: -1/35      AC:  2    Str: 11    XL:     4   Next: 19%
Magic:  4/4        EV: 14    Int: 11    God:
Gold:   122        SH:  0    Dex: 17    Spells: 3/3 levels left

rFire    . . .     SeeInvis .   d - +3 dagger (pain)
rCold    . . .     Gourm    .   (no shield)
rNeg     . . .     Faith    .   a - +0 robe
rPois    .         Spirit   .   (no helmet)
rElec    .         Reflect  .   n - scarf {cloud immunity}
rCorr    .         Harm     .   (no gloves)
MR       .....                  (no boots)
Stlth    ++........             (no amulet)
HPRegen  0.11/turn              (no ring)
MPRegen  0.09/turn              (no ring)

@: no status effects
A: hooves 1, powered by death 1
a: no special abilities


You were on level 3 of the Dungeon.
You were not hungry.

You visited 1 branch of the dungeon, and saw 3 of its levels.

You collected 122 gold pieces.

Inventory:

Hand Weapons
 d - a +3 dagger of pain (weapon)
Armour
 a - a +0 robe (worn)
 n - a scarf of cloud immunity (worn)
Jewellery
 k - an uncursed ring of positive energy {unknown}
 o - an uncursed amulet of rage {unknown}
Scrolls
 c - a scroll of noise {unknown}
 e - 2 scrolls of identify {unknown}
 g - a scroll of magic mapping {unknown}
 i - a scroll of enchant armour {unknown}
 p - a scroll of fear {unknown}
Potions
 f - 2 potions of agility {unknown}
 h - a potion of curing {unknown}
 j - 2 potions of lignification {unknown}
 l - a potion of haste {unknown}
 m - 3 potions of cancellation {unknown}
Comestibles
 b - 2 rations


   Skills:
 + Level 3.5 Fighting
 + Level 1.3 Short Blades
 + Level 3.3 Dodging
 + Level 2.3 Stealth
 + Level 3.1 Unarmed Combat


You had 3 spell levels left.
You didn't know any spells.
Your spell library was empty.

Dungeon Overview and Level Annotations

Branches:
Dungeon (3/15)

Altars:
Fedhas
Gozag
Yredelemnul

Annotations:
D:3 Terence


Innate Abilities, Weirdness & Mutations

You have large cloven feet.
You regenerate a little health from kills.


Message History

The rat barely misses you. Terence completely misses you.
You hit Terence but do no damage. Your kick misses Terence.
Terence is moderately wounded.
The rat closely misses you. Terence says, "Did you write a will?
You should..."
Terence hits you with a +2 flail of protection.
You hit Terence but do no damage. Your kick misses Terence.
Terence is moderately wounded.
The rat bites you but does no damage.
Terence hits you with a +2 flail of protection!
* * * LOW HITPOINT WARNING * * *
You hit Terence but do no damage. You kick Terence, but do no damage.
Terence is moderately wounded.
The rat bites you.
* * * LOW HITPOINT WARNING * * *
You barely miss Terence.
Terence is moderately wounded.
Terence looks scornfully at you.
Terence hits you with a +2 flail of protection.
You die...

## ...############
......>.......# ##
#....r.....# ##.
#@@......# #..
#........# ####..
..####..#### ##.....
#.......#### #..##.#
..##........####.###>#
...........)....###.#
.........>..#######..#
###.........# #.##
...........# #.#


You could see Terence and a rat.

Vanquished Creatures
  An adder (D:2)
  An ooze (D:1)
  2 worms (D:2)
  4 dart slugs (D:1)
  2 leopard geckos (D:2)
  An orc (D:2)
  8 bats
  4 giant cockroaches
  5 goblins (D:1)
  8 hobgoblins
  3 jackals (D:1)
  3 frilled lizards
  2 kobolds
  7 rats
51 creatures vanquished.

Notes
Turn   | Place    | Note
-------+----------+-------------------------------------------
     0 | D:1      | Anathary the Demonspawn Monk began the quest for the Orb.
     0 | D:1      | Reached XP level 1. HP: 18/18 MP: 1/1
    85 | D:1      | Gained mutation: You regenerate a little health from kills.
                  | [demonic ancestry]
    85 | D:1      | Reached XP level 2. HP: 24/24 MP: 2/2
   474 | D:1      | Reached XP level 3. HP: 27/29 MP: 3/3
  1128 | D:2      | Reached skill level 1 in Short Blades
  1388 | D:2      | Gained mutation: You have large cloven feet. [demonic
                  | ancestry]
  1388 | D:2      | Reached XP level 4. HP: 17/35 MP: 4/4
  1590 | D:2      | Found a basalt altar of Yredelemnul.
  1591 | D:2      | Found a blossoming altar of Fedhas.
  1593 | D:2      | Found an opulent altar of Gozag.
  2431 | D:3      | Noticed Terence
  2451 | D:3      | Slain by Terence

Skill      XL: |  1  2  3 |
---------------+----------+-----
Dodging        | 3 |  3.3
Stealth        | 2 |  2.3
Unarmed Combat | 3 |  3.1
Short Blades   | 1 |  1.3
Fighting       | |  3.5

Action                   |  1- 3 |  4- 6 || total
-------------------------+-------+-------++-------
Melee: Unarmed           |    14 |       ||    14
       Dagger            |   118 |    31 ||   149
       Punch             |     1 |     1 ||     2
       Kick              |       |     8 ||     8
 Stab: Sleeping          |     6 |     1 ||     7
  Eat: Ration            |     1 |     1 ||     2
Armor: Robe              |    22 |     4 ||    26
Dodge: Dodged            |    83 |    17 ||   100
